 Dungeon Crawl Stone Soup version 0.21.1-1-g345015f (webtiles) character file.

1160 teukkam the Fighter (level 8, -2/112 HPs)
             Began as a Hill Orc Monk on Feb 19, 2018.
             Was a Priest of Beogh.
             Slain by an ice beast (8 damage)
             ... on level 6 of the Dungeon.
             The game lasted 00:22:03 (7195 turns).

teukkam the Fighter (Hill Orc Monk)                 Turns: 7195, Time: 00:22:04

Health: -2/112     AC: 24    Str: 16    XL:     8   Next: 39%
Magic:  8/8        EV:  2    Int: 10    God:    Beogh [***...]
Gold:   368        SH:  0    Dex: 13    Spells: 7/7 levels left

rFire    . . .     SeeInvis .   a - +2 war axe (chop)
rCold    . . .     Gourm    .   (no shield)
rNeg     + + +     Faith    .   (armour currently unavailable)
rPois    +         Spirit   .   (helmet currently unavailable)
rElec    .         Reflect  .   (cloak currently unavailable)
rCorr    .         Harm     .   (gloves currently unavailable)
MR       .....     NoTele   +   (boots currently unavailable)
Stlth    ++........             (no amulet)
HPRegen  0.28/turn              (no ring)
MPRegen  0.11/turn              (no ring)

@: tree-form
A: no striking features
a: Smiting, Renounce Religion


You were on level 6 of the Dungeon.
You worshipped Beogh.
Beogh was most pleased with you.
You were not hungry.
You were a tree.
You visited 1 branch of the dungeon, and saw 6 of its levels.

You collected 368 gold pieces.

Inventory:

Hand Weapons
 a - a +2 war axe of chopping (weapon)
 b - a +0 dagger of holy wrath
 h - a cursed +0 short sword
 n - a +0 spear
 s - a +0 hand axe
Missiles
 l - 27 poisoned needles
Armour
 p - a +1 chain mail (melded)
Magical Staves
 z - an uncursed staff of power
Wands
 o - a wand of random effects (10)
 v - a wand of acid (7)
Scrolls
 d - 9 scrolls of identify
 e - a scroll of magic mapping
 f - a scroll of teleportation
 i - a scroll of enchant weapon
 m - 2 scrolls of amnesia
 r - 2 scrolls of fog
 w - a scroll of enchant armour
 y - a scroll of remove curse
Potions
 q - a potion of mutation {unknown}
 u - a potion of magic {unknown}
 x - a potion of brilliance {unknown}
Books
 g - a book of Maledictions

   Spells                             Type                      Level
   a - Corona                         Hexes                        1
   b - Ensorcelled Hibernation        Hexes/Ice                    2
   c - Confuse                        Hexes                        3
   d - Tukima's Dance                 Hexes                        3
   e - Dazzling Spray                 Conjuration/Hexes            3
 t - a book of Conjurations

   Spells                             Type                      Level
   a - Magic Dart                     Conjuration                  1
   b - Searing Ray                    Conjuration                  2
   c - Dazzling Spray                 Conjuration/Hexes            3
   d - Fulminant Prism                Conjuration/Hexes            4
   e - Force Lance                    Conjuration/Translocation    4
   f - Iskenderun's Mystic Blast      Conjuration                  4
Comestibles
 c - 13 rations
 j - 4 chunks of flesh


   Skills:
 + Level 8.3 Fighting
 + Level 7.6(8.3) Axes
 - Level 3.8(5.6) Polearms
 - Level 3.3 Dodging
 - Level 3.0 Stealth


You had 7 spell levels left.
You didn't know any spells.

Dungeon Overview and Level Annotations

Branches:
Dungeon (6/15)             Temple (0/1) D:5

Altars:
Ashenzari
Cheibriados
Gozag
Hepliaklqana
Kikubaaqudgha
Qazlal
Uskayaw
Vehumet
Wu Jian

Shops:
D:6 =


Message History

The ice beast hits you. The ice beast freezes you!
You slash the ice beast!
The ice beast is almost dead.
The ice beast hits you. The ice beast freezes you!
* * * LOW HITPOINT WARNING * * *
You turn into a tree.
Your +1 chain mail melds into your body.
Your roots penetrate the ground.
The ice beast hits you.
* * * LOW HITPOINT WARNING * * *
The ice beast freezes you!
* * * LOW HITPOINT WARNING * * *
You barely miss the ice beast.
The ice beast is almost dead.
The ice beast hits you but does no damage. x2
You barely miss the ice beast.
The ice beast is almost dead.
The ice beast hits you.
* * * LOW HITPOINT WARNING * * *
The ice beast freezes you!
You die...

## #.###+######
........?.#
#........# #
#........#
#.#........#
##.#....♣Y..#
.....#'#####...#
##
####.#.......+ #
#.
.....#.#.#####
#. .........#
##+####### #.
#########..#
#........####
#....#.....#
#......<.'.##
#.##.#.###.#
#........#.##
#.##.#.# #.#
#.o......#.##


You could see an ice beast.

Vanquished Creatures
  4 ogres
  A phantom (D:6)
  A bullfrog (D:6)
  A scorpion (D:4)
  A centaur zombie (D:5)
  3 orc priests
  A centaur skeleton (D:4)
  2 hounds
  An iguana (D:5)
  A jelly (D:6)
  Natasha (D:2)
  An orc wizard (D:3)
  A worker ant (D:4)
  A hound skeleton (D:4)
  8 gnolls
  5 adders
  6 oozes
  3 worms
  3 dart slugs
  12 leopard geckos
  13 orcs
  3 giant cockroaches
  7 goblins
  5 hobgoblins
  6 ball pythons
  7 bats
  8 frilled lizards
  8 kobolds
  4 rats
118 creatures vanquished.

Vanquished Creatures (others)
  An orc wizard (D:3)
  2 orcs
  A bat (D:3)
  A frilled lizard (D:3)
5 creatures vanquished.

Grand Total: 123 creatures vanquished

Notes
Turn   | Place    | Note
-------+----------+-------------------------------------------
     0 | D:1      | teukkam the Hill Orc Monk began the quest for the Orb.
     0 | D:1      | Reached XP level 1. HP: 19/19 MP: 1/1
    42 | D:1      | Found a shattered altar of Ashenzari.
   125 | D:1      | Reached XP level 2. HP: 23/27 MP: 2/2
   408 | D:1      | Reached skill level 4 in Fighting
   408 | D:1      | Reached XP level 3. HP: 20/33 MP: 3/3
  1315 | D:2      | Found an opulent altar of Gozag.
  1390 | D:3      | Reached XP level 4. HP: 28/40 MP: 4/4
  1762 | D:3      | HP: 2/41 [poisoned by an adder]
  1770 | D:3      | HP: 1/41 [poisoned by an adder]
  2100 | D:3      | Found a stormy altar of Qazlal.
  2102 | D:3      | Noticed a water elemental
  2103 | D:3      | Noticed an air elemental
  2103 | D:3      | Noticed an earth elemental
  2103 | D:3      | Noticed a fire elemental
  2113 | D:3      | Reached skill level 1 in Axes
  2327 | D:3      | Became a worshipper of Beogh the Brigand
  2327 | D:3      | Reached * piety under Beogh
  2327 | D:3      | Reached ** piety under Beogh
  2348 | D:3      | Reached XP level 5. HP: 5/47 MP: 5/5
  2909 | D:2      | Found a radiant altar of Vehumet.
  3074 | D:2      | Noticed Natasha
  3085 | D:2      | Killed Natasha
  3411 | D:3      | Found an ancient bone altar of Kikubaaqudgha.
  3951 | D:4      | Reached skill level 5 in Fighting
  3951 | D:4      | Reached XP level 6. HP: 31/56 MP: 6/6
  4195 | D:4      | Found an ornate altar of the Wu Jian Council.
  4936 | D:5      | Entered Level 5 of the Dungeon
  4986 | D:5      | Found a staircase to the Ecumenical Temple.
  5006 | D:5      | Reached skill level 6 in Fighting
  5006 | D:5      | Reached XP level 7. HP: 7/63 MP: 0/7
  5576 | D:4      | Reached skill level 5 in Axes
  6302 | D:5      | Found a hide-covered altar of Uskayaw.
  6491 | D:5      | Found a snail-covered altar of Cheibriados.
  6521 | D:5      | Reached *** piety under Beogh
  6521 | D:5      | Reached skill level 7 in Fighting
  6836 | D:6      | Found Koalel's Jewellery Emporium.
  6847 | D:6      | Reached XP level 8. HP: 62/73 MP: 8/8
  6880 | D:6      | Found a hazy altar of Hepliaklqana.
  7121 | D:6      | Reached skill level 8 in Fighting
  7195 | D:6      | Slain by an ice beast

Skill      XL: |  1  2  3  4  5  6  7  8 |
---------------+-------------------------+-----
Stealth        | 2 3 |  3.0
Fighting       | 4 5 6 7 8 |  8.3
Axes           | 1 2 4 6 7 |  7.6
Dodging        | 3 |  3.3
Polearms       | |  3.8

Action                   |  1- 3 |  4- 6 |  7- 9 || total
-------------------------+-------+-------+-------++-------
Melee: Spear             |   135 |       |       ||   135
       War axe           |       |    50 |    90 ||   140
       Hand axe          |       |   195 |    32 ||   227
Invok: Convert to Beogh  |       |     1 |       ||     1
       Smiting           |       |     2 |       ||     2
Evoke: Wand              |       |     2 |    11 ||    13
  Use: Potion            |     1 |     4 |     1 ||     6
       Scroll            |       |     8 |     3 ||    11
 Stab: Sleeping          |     8 |     1 |       ||     9
       Distracted        |     1 |       |       ||     1
  Eat: Ration            |     1 |     2 |     1 ||     4
       Chunk             |       |     3 |     4 ||     7
Armor: Robe              |    11 |       |       ||    11
       Chain mail        |       |   143 |    71 ||   214
       Skin              |       |     1 |     2 ||     3
Dodge: Dodged            |    77 |    89 |    38 ||   204
